 Dungeon Crawl Stone Soup version 0.19.1 (webtiles) character file.

25 syranez the Insei (level 3, 0/24 HPs)
             Began as an Octopode Transmuter on Nov 24, 2016.
             Succumbed to a kobold's poison
             ... on level 2 of the Dungeon.
             The game lasted 00:02:09 (846 turns).

syranez the Insei (Octopode Transmuter)              Turns: 846, Time: 00:02:10

Health: 0/24       AC:  1    Str:  9    XL:     3   Next: 4%
Magic:  6/6        EV: 13    Int: 16    God:
Gold:   66         SH:  0    Dex: 12    Spells: 2 memorised, 3 levels left

rFire  . . .     SeeInvis .       - Unarmed
rCold  . . .     Gourm    .     (no shield)
rNeg   . . .     Faith    .     (helmet restricted)
rPois  .         Spirit   .     (no amulet)
rElec  .         Reflect  .     (no ring)
rCorr  .         Harm     .     (no ring)
MR     .....                    (no ring)
Stlth  ++........               (no ring)
                                (no ring)
                                (no ring)
                                (no ring)
                                (no ring)

@: lethally poisoned (0 -> -2)
A: almost no armour, stealthy swim, amphibious, 8 rings, constrict 8, camouflage
1, gelatinous body 1
a: no special abilities


You were on level 2 of the Dungeon.
You were not hungry.

You visited 1 branch of the dungeon, and saw 2 of its levels.

You collected 66 gold pieces.

Inventory:

Hand Weapons
 e - a +0 club
 j - a cursed -2 dagger
 m - a +0 short sword of venom
Missiles
 a - 24 arrows
 f - 41 stones (quivered)
Armour
 k - a +0 large shield
Scrolls
 g - 2 scrolls of identify {unknown}
Books
 b - a book of Changes

   Spells                             Type                      Level
   a - Beastly Appendage              Transmutation                1
   b - Sticks to Snakes               Transmutation                2
   c - Spider Form                    Transmutation/Poison         3
   d - Ice Form                       Ice/Transmutation            4
   e - Blade Hands                    Transmutation                5
Comestibles
 c - a bread ration
 d - a chunk of flesh


   Skills:
 + Level 1.7 Fighting
 + Level 2.2 Dodging
 + Level 3.3 Unarmed Combat
 + Level 2.2 Spellcasting
 + Level 2.1 Transmutations


You had 3 spell levels left.
You knew the following spells:

 Your Spells              Type           Power        Failure   Level  Hunger
a - Beastly Appendage     Tmut           #.....       10%         1    #......
b - Sticks to Snakes      Tmut           #.......     14%         2    ###....


Dungeon Overview and Level Annotations

Branches:
Dungeon (1/15)

Altars:


Innate Abilities, Weirdness & Mutations

You cannot wear most types of armour.
You are very stealthy in the water. (Stealth+)
You are amphibious.
You can wear up to eight rings at the same time.
You can use your tentacles to constrict eight enemies at once.
Your skin changes colour to match your surroundings (Stealth+).
Your rubbery body absorbs attacks. (AC +1, EV +1)


Message History

You feel sick.
There is a lethal amount of poison in your body!
It was a potion of flight.
You feel very buoyant.
You fly up into the air.
You feel sick.
It was a potion of lignification.
Your tentacle spike disappears.
You turn into a tree.
Your roots penetrate the ground.
You feel sick.
You start resting.
You feel sick.
You start resting.
You feel sick.
You start resting.
You feel sick. x2
Magic restored.
You start resting.
You feel sick. x5
Your transformation is almost over.
You start resting.
You feel sick. x3
You feel less woody.
It was a potion of magic.
Magic courses through your body.
* * * LOW HITPOINT WARNING * * *
You feel sick.
You die...

# #+ .# #.
####.# #.
.!.>.# #.
.....# #.
.....#
#.#####.....#
#.@.........#
#.#####.?...#
#. ....... #.
##.#... #. .#
.. #. # . ##


There were no monsters in sight!

Vanquished Creatures
  2 giant cockroaches (D:1)
  5 goblins (D:1)
  5 hobgoblins (D:1)
  5 kobolds
  4 bats (D:1)
  A frilled lizard (D:1)
  A rat (D:1)
23 creatures vanquished.

Notes
Turn   | Place    | Note
-------+----------+-------------------------------------------
     0 | D:1      | syranez the Octopode Transmuter began the quest for the Orb.
     0 | D:1      | Reached XP level 1. HP: 13/13 MP: 3/3
   106 | D:1      | Reached XP level 2. HP: 18/18 MP: 5/5
   111 | D:1      | Learned a level 2 spell: Sticks to Snakes
   661 | D:1      | Reached XP level 3. HP: 17/24 MP: 6/6
   805 | D:1      | You fall through a shaft!
   842 | D:2      | HP: 1/24 [poisoned by a kobold]
   846 | D:2      | Succumbed to a kobold's poison

Action                   || total
-------------------------++-------
Melee: Unarmed           ||    48
       Constrict         ||    15
       Tentacles         ||     7
       Punch             ||     2
       Kick              ||     3
Throw: Stone             ||     4
 Cast: Beastly Appendage ||     4
  Use: Potion            ||     3
 Stab: Sleeping          ||     3
Armor: Skin              ||     7
Dodge: Dodged            ||    36
